 Dungeon Crawl Stone Soup version 0.30-a0-585-g93115170b9 (webtiles) character file.

Game seed: 1403548817026254731

35 Madnessol the Trooper (level 3, -1/33 HPs)
             Began as an Armataur Chaos Knight on Jan 2, 2023.
             Was a Plaything of Xom.
             Killed from afar by Sigmund (8 damage)
             ... with a puff of flame
             ... on level 2 of the Dungeon.
             The game lasted 00:03:44 (435 turns).

Madnessol the Trooper (Armataur Chaos Knight)        Turns: 435, Time: 00:03:44

Health: -1/33      AC:  6    Str: 19    XL:     3   Next: 17%
Magic:  3/3        EV:  9    Int: 12    God:    Xom [..*...]
Gold:   10         SH:  0    Dex:  9    Spells: 2/2 levels left

rFire   . . .      SeeInvis .    a - +0 short sword (chaos)
rCold   . . .      Faith    .    (no shield)
rNeg    . . .      Spirit   .    b - +2 leather armour
rPois   .          Reflect  .    (no helmet)
rElec   .          Harm     .    (no cloak)
rCorr   .          Roll     +    (no gloves)
Will    .....                    (no barding) Stlth
                                 (no amulet)
HPRegen 0.25/turn                (no ring)
MPRegen 0.08/turn                (no ring)

@: confused, brilliant
A: large, rugged brown scales 3, deformed body, armoured tail, roll, long
tongue, awkward tongue
a: Renounce Religion


You were on level 2 of the Dungeon.
You worshipped Xom.
You were a toy of Xom.
You visited 1 branch of the dungeon, and saw 2 of its levels.

You collected 10 gold pieces.


Innate Abilities, Weirdness & Mutations

You are completely covered in rugged brown scales. (AC +3, +7% HP)
Armour fits poorly on your strangely shaped body.
You have a long armoured tail.
You roll when moving toward enemies. (Rampage)
Your long tongue fully drains potion bottles. (2x potion effects)
Your tongue gives you trouble enunciating. (1.5x scroll delay)


   Skills:
 + Level 3.1 Fighting
 + Level 3.0 Short Blades
 + Level 2.8 Armour
 + Level 1.3 Dodging


You had 2 spell levels left.
You didn't know any spells.
Your spell library was empty.

Inventory:

Hand Weapons
 a - a +0 short sword of chaos (weapon)
Armour
 b - a +2 leather armour (worn)
Scrolls
 d - 2 scrolls of magic mapping {unknown}
Potions
 e - a potion of mutation {unknown}
Miscellaneous
 c - a piece from Xom's chessboard (13/15) (quivered)


Message History

Nothing appears to happen.
You closely miss something.
You hear some strange, mumbled words.
Something tries to affect you, but you resist.
You barely miss something. Something hits you!
You completely miss something. Your punch misses something.
You barely miss something. Something hits you but does no damage.
You miss something.
Your tail-slap misses something.
You hit something but do no damage. Something hits you.
You miss something. Something hits you.
You miss something. You miss something.
Your tail-slap misses something.
Something hits you but does no damage.
You closely miss something. You miss something.
Your tail-slap misses something.
Something hits you.
You hit something.
Your tail-slap misses something.
You completely miss something.
You hear some strange, mumbled words.
You are confused.
You bump into the rock wall.
Something hits you but does no damage.
You bump into the rock wall.
Something completely misses you.
You bump into the rock wall.
You bump into the rock wall.
Something hits you but does no damage.
You bump into the rock wall.
Something hits you.
You bump into the rock wall.
You bump into the rock wall.
You feel less confused. Something hits you!
You barely miss something.
Your tail-slap misses something.
You hear some strange, mumbled words.
You are confused.
You closely miss something.
You bump into the rock wall.
Something hits you.
* * * LOW HITPOINT WARNING * * *
You miss something. Something hits you but does no damage.
You completely miss something.
You hear some strange, mumbled words.
A puff of flame appears from out of thin air!
The puff of flame hits you!
You die...

#.###.......:..... #
#.##........###...
###.####.##........##....
................<..##....
..###..#.###...^...##....
##<..###.######......
..#####........ .#.<..
............... .......
.######@##.###. . ##...
#.# .# #{# # #.. ##.# ##


There were no monsters in sight!

Vanquished Creatures
  An adder (D:2)
  A dart slug (D:1)
  3 bats
  An endoplasm (D:2)
  2 hobgoblins
  3 jackals (D:1)
  A kobold (D:1)
  3 quokkas (D:1)
  2 ball pythons
  3 frilled lizards
  2 rats
22 creatures vanquished.

Notes
Turn   | Place    | Note
-------+----------+-------------------------------------------
     0 | D:1      | Madnessol the Armataur Chaos Knight began the quest for the
                  | Orb.
     0 | D:1      | Reached XP level 1. HP: 19/19 MP: 1/1
    96 | D:1      | XOM: silly message
   105 | D:1      | Reached skill level 3 in Short Blades
   105 | D:1      | Reached XP level 2. HP: 6/26 MP: 2/2
   209 | D:1      | Found Pukix's Book Emporium.
   239 | D:1      | Reached skill level 1 in Dodging
   244 | D:1      | You fall into a shaft and drop 1 floor!
   253 | D:2      | Reached skill level 3 in Fighting
   269 | D:2      | Reached XP level 3. HP: 32/33 MP: 3/3
   399 | D:2      | Noticed Sigmund
   400 | D:2      | XOM: potion effect (brilliance)
   432 | D:2      | HP: 6/33 [something (4)]
   435 | D:2      | Killed from afar by Sigmund

Levels and vault maps discovered:
D:1:      heliophobic_arrival_ceremonial_halls, layout_rooms, serial_shops,
          nicolae_shop_statue_plus, minmay_misc_feat_pillars,
          minmay_tetromino_o2
D:2:      layout_rooms, serial_forest, infiniplex_forest_end_3,
          infiniplex_forest_clump_long, infiniplex_forest_clump_curved,
          infiniplex_forest_clump_curved, infiniplex_forest_lined_3,
          uniq_sigmund

Action                   || total
-------------------------++-------
Melee: Short sword       ||   102
       Tailslap          ||    11
       Punch             ||     1
Evoke: Piece from Xom's  ||     3
  Use: Potion            ||     2
 Stab: Sleeping          ||     1
Armor: Leather armour    ||    59
Dodge: Dodged            ||    56
